 Dungeon Crawl Stone Soup version 0.31-a0-1589-g8f5e8aebd6 (webtiles) character file.

Game seed: 14656019665372791884

279 Flugslaktarn the Apothecary (level 6, -2/36 HPs)
             Began as an Octopode Alchemist on Jan 5, 2024.
             Slain by a gnoll
             ... wielding a +0 spear
              (8 damage)
             ... on level 4 of the Dungeon.
             The game lasted 00:02:26 (974 turns).

Flugslaktarn the Apothecary (Octopode Alchemist)     Turns: 974, Time: 00:02:27

Health: -2/36      AC:  1    Str:  8    XL:     6   Next: 26%
Magic:  20/20      EV:  7    Int: 23    God:
Gold:   68         SH:  0    Dex: 14    Spells: 3/12 levels left

rFire   . . .        k - +11 falchion "Ohogox" {freeze, Will+ MP+9 Int+4 Dex+2}
rCold   . . .        (no shield)
rNeg    . . .        (helmet restricted)
rPois   .            (no amulet)
rElec   .            (no ring)
rCorr   .            (no ring)
SInv    .            (no ring)
Will    +....        (no ring)
Stlth   +++          (no ring)
HPRegen 0.26/turn    (no ring)
MPRegen 0.17/turn    (no ring)
                     (no ring)

%: no passive effects
@: held
A: almost no armour, amphibious, 8 rings, camouflage 1, gelatinous body 1,
(nimble swimmer 1), tentacles
a: no special abilities


You were on level 4 of the Dungeon.
You visited 2 branches of the dungeon, and saw 5 of its levels.

You collected 68 gold pieces.

Inventory:

Hand Weapons
 k - the +11 falchion "Ohogox" (weapon) {freeze, Will+ MP+9 Int+4 Dex+2}
   (You found it on level 4 of the Dungeon)

   Int+4:     It affects your intelligence (+4).
   Dex+2:     It affects your dexterity (+2).
   Will+:     It increases your willpower.
   MP+9:      It affects your magic capacity (+9).
Jewellery
 c - a ring of fire
   (You found it on level 2 of the Dungeon)
Scrolls
 b - a scroll of fear
 e - a scroll of fog {unknown}
 f - a scroll of enchant armour {unknown}
 g - a scroll of vulnerability {unknown}
 j - a scroll of identify {unknown}
 l - a scroll of immolation {unknown}
 t - a scroll of teleportation
 z - 2 scrolls of blinking
Potions
 a - a potion of magic
 h - a potion of degeneration {unknown}


   Skills:
 - Level 2.0 Dodging
 - Level 2.6 Stealth
 + Level 3.7 Spellcasting
 - Level 1.0 Conjurations
 * Level 6.4 Alchemy


You had 3 spell levels left.
You knew the following spells:

 Your Spells              Type           Power      Damage    Failure   Level
a - Sting                 Conj/Alch      84%        1d8       2%          1
b - Olgreb's Toxic Radia  Alch           33%        N/A       8%          4
c - Sticky Flame          Fire/Alch      19%        2d6       28%         4

Your spell library contained the following spells:

 Spells                   Type           Power      Damage    Failure   Level
 Mercury Vapours          Alch/Air       38%        N/A       4%          2
 Mephitic Cloud           Conj/Alch/Air  15%        N/A       12%         3


Dungeon Overview and Level Annotations

Branches:
Dungeon (4/15)             Temple (1/1) D:4

Altars:
Ashenzari
Cheibriados
Fedhas
Gozag
Hepliaklqana
Kikubaaqudgha
Makhleb
Okawaru
Qazlal
Uskayaw
Vehumet
Xom
Yredelemnul
Zin
The Shining One


Innate Abilities, Weirdness & Mutations

You cannot wear most types of armour.
You are amphibious.
You can wear up to eight rings at the same time.
Your skin changes colour to match your surroundings (Stealth+).
Your rubbery body absorbs attacks. (AC +1, EV +1)
((You are camouflaged when in or above water. (Stealth+)))
You have tentacles for arms and can constrict up to eight enemies at once.


Message History

Aiming: Sting (safe; 2% risk of failure)
Press: ? - help, Shift-Dir - straight line, f/p - jelly
Aim: a jelly (lightly wounded, poisoned, 100% to hit)
The sting hits the jelly.
The jelly partially resists.
The jelly is moderately wounded.
The jelly looks more healthy.
Casting: Sting (safe; 2% risk of failure)
Confirm with . or Enter, or press ? or * to list all spells.
Aiming: Sting (safe; 2% risk of failure)
Press: ? - help, Shift-Dir - straight line, f/p - jelly
Aim: a jelly (severely wounded, 100% to hit)
The sting hits the jelly.
The jelly partially resists.
The jelly is almost dead.
You slash the jelly! You freeze the jelly.
You kill the jelly!
Found a stone staircase leading up.
There is a stone staircase leading up here.
Found a staircase to the Ecumenical Temple.
There is an open door here.
You open the door.
There is an open door here.
There is a staircase to the Ecumenical Temple here.
You climb downwards.
Welcome to the Ecumenical Temple!
Found fifteen altars.
Found a staircase back to the Dungeon.
There is a staircase back to the Dungeon here.
Unknown command.
As you read the scroll labelled YBBAGH IVVUQ, it crumbles to dust.
You assume a fearsome visage.
Nothing appears to happen.
It was a scroll of fear.
Unknown command.
As you read the scroll labelled IMEKKAETUT, it crumbles to dust.
You feel strangely unstable.
It was a scroll of teleportation.
t - a scroll of teleportation Unknown command.
Blink to where?
Press: ? - help, Dir - move target, f - you
Okay, then.
As you read the scroll labelled ICROKE UWKEYDAWN, it crumbles to dust.
It was a scroll of blinking.
z - 2 scrolls of blinking
Okay, then.
Okay, then.
Your surroundings seem slightly different.
There is a broken altar of Ashenzari here.
Okay, then.
This spell is extremely dangerous to cast!
You start memorising the spell.
You continue memorising. x4
You finish memorising.
Spell assigned to 'c'.
There is a staircase back to the Dungeon here.
You climb upwards.
Welcome back to the Dungeon!
There is a staircase to the Ecumenical Temple here.
There is an open door here.
There is an open door here.
An adder comes into view.
Casting: Sting (safe; 2% risk of failure)
Confirm with . or Enter, or press ? or * to list all spells.
Aiming: Sting (safe; 2% risk of failure)
Press: ? - help, Shift-Dir - straight line, f - adder
Aim: an adder (wandering, hasn't noticed you, 60% to hit)
The sting hits the adder.
The adder is poisoned.
The adder is moderately wounded.
The adder attacks as it pursues you! The adder closely misses you.
You miss the adder. Your grab misses the adder.
The adder is heavily wounded.
The adder barely misses you. The adder bites you.
You are poisoned.
The adder poisons you!
You feel sick. The adder attacks as it pursues you! The adder bites you.
You miss the adder. Your grab misses the adder.
The adder is heavily wounded.
You feel sick. The adder closely misses you. The adder barely misses you.
You barely miss the adder. You grab the adder.
The adder is severely wounded.
You constrict the adder.
You feel sick.
The adder looks more healthy.
The adder barely misses you.
You release your grip on the adder.
You feel sick.
You are no longer poisoned.
The adder attacks as it pursues you! The adder barely misses you.
The adder closely misses you.
You miss the adder. You grab the adder. You squeeze the adder.
You kill the adder!
Found a stone staircase leading down.
Found a club.
A gnoll comes into view.
It is wielding a +0 halberd and quivering a throwing net.
A gnoll comes into view. It is wielding a +0 spear.
The gnoll shouts! x2
The gnoll hits you from afar with a +0 halberd!
There is a stone staircase leading down, spattered with blood here.
The gnoll throws a throwing net.
The throwing net hits you.
You become entangled in the net!
You see here a throwing net.
You struggle against the net.
A gnoll comes into view. It is wielding a +0 club.
You struggle against the net.
The gnoll barely misses you.
The gnoll hits you from afar with a +0 spear.
You struggle against the net.
The gnoll hits you from afar with a +0 halberd.
* * * LOW HITPOINT WARNING * * *
The gnoll hits you from afar with a +0 spear!
You die...

### #.#######################
#........................
#.####################### #.#..
... # #.#.######..#### #
#.#.##... ..... #
########.#.##.###g.# #
...............@>g.# #
#########.#.##.##..)# #
............##.##...# #
########.#..##.##...# # ....
...#..##.##...# #
######.#.#......#...#############
.....#.#.#.###..#...#............
####.# #.#.# ...#...#.###########
#.#.# #.#


You could see 2 gnolls.

Vanquished Creatures
  A black bear (D:4)
  An ogre (D:4)
  A bombardier beetle (D:4)
  A jelly (D:4)
  An orc wizard (D:4)
  An adder (D:4)
  An orc (D:4)
  2 ball pythons
  3 endoplasms
  2 hobgoblins (D:4)
  2 kobolds
  2 quokkas
  A goblin (D:2)
19 creatures vanquished.

Notes
Turn   | Place    | Note
-------+----------+-------------------------------------------
     0 | D:1      | Flugslaktarn the Octopode Alchemist began the quest for the
                  | Orb.
     0 | D:1      | Reached XP level 1. HP: 11/11 MP: 3/3
   239 | D:3      | Reached XP level 2. HP: 17/17 MP: 1/5
   340 | D:4      | Noticed a bombardier beetle
   345 | D:4      | Killed a bombardier beetle
   346 | D:4      | Reached skill level 4 in Alchemy
   346 | D:4      | Reached XP level 3. HP: 21/21 MP: 3/6
   407 | D:4      | Identified the +11 falchion "Ohogox" {freeze, Will+ MP+9
                  | Int+4 Dex+2}
   454 | D:4      | Reached XP level 4. HP: 27/27 MP: 7/8
   455 | D:4      | Noticed a black bear
   475 | D:4      | Learned a level 4 spell: Olgreb's Toxic Radiance
   490 | D:4      | Noticed an ogre
   519 | D:4      | Killed an ogre
   520 | D:4      | Reached skill level 5 in Alchemy
   520 | D:4      | Reached XP level 5. HP: 31/31 MP: 6/9
   587 | D:4      | Killed a black bear
   588 | D:4      | Reached skill level 6 in Alchemy
   588 | D:4      | Reached XP level 6. HP: 36/36 MP: 6/11
   857 | D:4      | Found a staircase to the Ecumenical Temple.
   865 | Temple   | Entered the Ecumenical Temple
   882 | Temple   | Learned a level 4 spell: Sticky Flame
   974 | D:4      | Slain by a gnoll

Illustrated notes

Levels and vault maps discovered:
D:1:      nagdon_arrival_zigzag_paths, layout_basic,
          shapermc_ecumenical_altar_starsandcircs
D:2:      layout_loops_ring
D:3:      layout_basic, reono_crystal_passage, uniq_jessica
D:4:      layout_basic, minmay_temple_entry_glassed_door, st_stairs_11
Temple:   minmay_freezing_vapour_temple

Skill      XL: |  1  2  3  4  5 |
---------------+----------------+-----
Alchemy        | 4 5 6 |  6.4
Spellcasting   | 3 |  3.7
Dodging        | |  2.0
Stealth        | |  2.6
Conjurations   | |  1.0

Action                     |  1- 3 |  4- 6 || total
---------------------------+-------+-------++-------
  Melee: Unarmed           |     9 |       ||     9
         Constrict         |     4 |     3 ||     7
         Tentacles         |     3 |     1 ||     4
         Punch             |     1 |       ||     1
         Falchion          |     1 |     7 ||     8
   Cast: Sting             |    16 |    10 ||    26
         Olgreb's Toxic Ra |       |     4 ||     4
    Use: Scroll            |       |     3 ||     3
   Stab: Sleeping          |     1 |       ||     1
 Armour: Skin              |     4 |     9 ||    13
  Dodge: Dodged            |    10 |     8 ||    18

Table legend: (Time is in decaauts)
 A = Elapsed time spent in this place.
 B = Non-inter-level travel time spent in this place.
 C = Inter-level travel time spent in this place.
 D = Time resting spent in this place.
 E = Time spent auto-exploring this place.
 F = Levels seen in this place.
 G = Mean time per level.
                   A        B        C        D        E       F      G
               +--------+--------+--------+--------+--------+-----+--------+
         Total |    975 |    926 |     49 |      0 |    628 |   5 |  195.0 |
       Dungeon |    952 |    903 |     49 |      0 |    628 |   4 |  238.0 |
        Temple |     22 |     22 |      0 |      0 |      0 |   1 |   22.0 |
               +--------+--------+--------+--------+--------+-----+--------+

Top non-repeatable levels by time:
     D:4: 615 daAuts
     D:2: 153 daAuts
     D:3: 104 daAuts
     D:1: 79 daAuts
  Temple: 22 daAuts
